 Dungeon Crawl Stone Soup version 0.26-a0-651-gb41185065b (webtiles) character file.

Game seed: 2275023790195698464

(classic levelgen) 4493 EnegeticOcto the Cleaver (level 10, -4/88 HPs)
             Began as a Deep Dwarf Delver on Oct 23, 2020.
             Was a Priest of Jiyva.
             Slain by a minotaur
             ... wielding the +12 long sword of the Lesser Evil {drain, rElec rC+ Dex-2}
              (17 damage)
             ... in a Gauntlet.
             The game lasted 00:10:24 (1354 turns).

EnegeticOcto the Cleaver (Deep Dwarf Delver)        Turns: 1354, Time: 00:10:24

Health: -4/88      AC: 13    Str: 16    XL:     10   Next: 16%
Magic:  2/2        EV:  1    Int: 16    God:    Jiyva [***...]
Gold:   166        SH:  7    Dex: 15    Spells: 17/17 levels left

rFire    . . .     SeeInvis .   u - +2 war axe (freeze) (curse)
rCold    . . .     Faith    .   x - +0 kite shield
rNeg     . . .     Spirit   .   h - +0 plate armour
rPois    +         Reflect  .   z - +1 helmet {Int+3}
rElec    .         Harm     .   (no cloak)
rCorr    +         Rampage  +   (no gloves)
MR       ++...     NoTele   +   v - +0 pair of boots of the Pure People {Rampage}
Stlth    ..........             (no amulet)
HPRegen  0.00/turn              i - ring of poison resistance
MPRegen  0.08/turn              y - ring of protection from magic

@: non-regenerating, heavily drained
A: damage resistance, heal wounds, sense surroundings 2, no regeneration
a: Heal Wounds, Request Jelly, Renounce Religion


You were in a Gauntlet.
You worshipped Jiyva.
Jiyva was most pleased with you.
You visited 1 branch of the dungeon, and saw 10 of its levels.
You also visited: Gauntlet.

You collected 166 gold pieces.

Inventory:

Hand Weapons
 a - a +0 hand axe
 u - a cursed +2 war axe of freezing (weapon)
Armour
 b - a +0 leather armour
 h - a +0 plate armour (worn)
 v - the +0 pair of boots of the Pure People (worn) {Rampage}
   (You found it on level 9 of the Dungeon)

   It bestows one free step when moving towards enemies.
 x - a +0 kite shield (worn)
 z - a +1 helmet of intelligence (worn)
Jewellery
 i - a ring of poison resistance (left hand)
 y - a ring of protection from magic (right hand)
 A - the amulet "Xyfe" {Inacc rElec rC- MR+++ Int+6 Dex-4}
   (You found it in a Gauntlet)

   [amulet of inaccuracy]

   It reduces the accuracy of all your attacks.
   It affects your intelligence (+6).
   It affects your dexterity (-4).
   It makes you vulnerable to cold.
   It insulates you from electricity.
   It affects your resistance to hostile enchantments.
Wands
 d - a wand of disintegration (17)
 g - a wand of digging (3) {@v3}
 l - a wand of paralysis (9)
 s - a wand of iceblast (10) {@v2}
Scrolls
 c - a scroll of fog
 e - 2 scrolls of fear
 j - a scroll of enchant weapon
 k - a scroll of remove curse {@r2}
 m - a scroll of enchant armour {unknown}
 o - 2 scrolls of teleportation {@r3}
 p - a scroll of immolation {@r4}
 r - a scroll of acquirement {unknown}
 t - a scroll of silence {unknown}
Potions
 f - 2 potions of haste {@q4}
 n - 2 potions of magic
 q - a potion of heal wounds {unknown}
 w - 2 potions of might {@q3}
Miscellaneous
 B - a phantom mirror (inert)
 V - a condenser vane (2/2)


   Skills:
 - Level 5.0(2.6) Fighting
 * Level 12.1(9.3) Axes
 - Level 4.0(1.7) Armour
 - Level 2.1(0.0) Dodging
 - Level 6.0(3.6) Stealth
 + Level 4.4(2.1) Spellcasting
 + Level 6.8(4.4) Evocations


You had 17 spell levels left.
You didn't know any spells.
Your spell library was empty.

Dungeon Overview and Level Annotations

Branches:
Dungeon (13/15)           Gauntlet (1/1)
 Temple: D:4-7         Lair: D:8-11         Orc: D:9-12      Vaults: D:13-14

Altars:
Dithmenos
Gozag
Hepliaklqana
Okawaru
Qazlal
Sif Muna
Wu Jian
Jiyva

Annotations:
D:10 2 transporters Gauntlet 2 transporters


Innate Abilities, Weirdness & Mutations

You are resistant to damage.
You can heal yourself by infusing magical energy.
You passively map the area around you.
You do not regenerate.


Message History

The silver javelin pierces through you!!
* * * LOW HITPOINT WARNING * * *
x2 Your magical essence is drained by the effort!
You feel much better.
The minotaur throws a silver javelin.
The silver javelin pierces through you!
* * * LOW HITPOINT WARNING * * *
You feel much better.
The minotaur throws a silver javelin.
The silver javelin barely misses you.
You feel much better.
The minotaur throws a silver javelin.
The silver javelin pierces through you!
The minotaur throws a silver javelin.
The silver javelin pierces through the jelly!!
The silver sears the jelly!
The jelly dies!
The silver javelin pierces through you!
Evoke which item? (* to show all) (? for menu, Esc to quit)
Okay, then.
Press: ? - help, v - describe, . - travel
Here: a minotaur, wielding the +12 long sword of the Lesser Evil {drain, rElec rC+ Dex-2}, wearing a cursed +0 chain mail, wearing an uncursed amulet of faith and quivering 2 silver javelins (strong)
The floor.
Unknown command.
Evoke which item? (* to show all) (? for menu, Esc to quit)
Aiming: Paralyse
Press: ? - help, Shift-Dir - straight line, f - minotaur
Aim: a minotaur, wielding the +12 long sword of the Lesser Evil {drain, rElec rC+ Dex-2}, wearing a cursed +0 chain mail, wearing an uncursed amulet of faith and quivering 2 silver javelins (strong, chance to defeat MR: 7%)
The minotaur resists with almost no effort.
The minotaur throws a silver javelin.
The silver javelin pierces through you!
Evoke which item? (* to show all) (? for menu, Esc to quit)
Aiming: Paralyse
Press: ? - help, Shift-Dir - straight line, f/p - minotaur
Aim: a minotaur, wielding the +12 long sword of the Lesser Evil {drain, rElec rC+ Dex-2}, wearing a cursed +0 chain mail, wearing an uncursed amulet of faith and quivering a silver javelin (strong, chance to defeat MR: 7%)
The minotaur resists with almost no effort.
The minotaur throws a silver javelin.
The silver javelin pierces through you!!
* * * LOW HITPOINT WARNING * * *
x2 You feel much better.
You see here a silver javelin.
The minotaur no longer looks unusually strong.
Jiyva's power touches on your attributes.
You feel agile.
You feel stupid. You block the minotaur's attack. x2
Your magical essence is drained by the effort!
You feel much better. You block the minotaur's attack. The minotaur gores you.
You hit the minotaur but do no damage.
The minotaur hits you with the +12 long sword of the Lesser Evil {drain, rElec rC+ Dex-2}!!
You feel drained.
The minotaur gores you but does no damage.
You fail to use your ability.
Your magical essence is drained by the effort!
You feel much better.
The minotaur hits you with the +12 long sword of the Lesser Evil {drain, rElec rC+ Dex-2}!
You feel drained.
The minotaur gores you but does no damage.
You slash the minotaur! You freeze the minotaur.
The minotaur is moderately wounded.
The minotaur hits you with the +12 long sword of the Lesser Evil {drain, rElec rC+ Dex-2}!
* * * LOW HITPOINT WARNING * * *
You feel drained.
* * * LOW HITPOINT WARNING * * *
The minotaur gores you!
* * * LOW HITPOINT WARNING * * *
Your magical essence is drained by the effort!
You feel much better.
The minotaur hits you with the +12 long sword of the Lesser Evil {drain, rElec rC+ Dex-2}!
* * * LOW HITPOINT WARNING * * *
You feel drained.
* * * LOW HITPOINT WARNING * * *
The minotaur gores you but does no damage.
You hear a slurping noise.
Jiyva appreciates your sacrifice.
You feel a little less hungry.
You feel much better. The minotaur completely misses you.
The minotaur gores you but does no damage.
You hear a slurping noise.
Jiyva appreciates your sacrifice.
You feel a little less hungry.
There is an open door here.
You hear a distant slurping noise.
Jiyva appreciates your sacrifice.
There is a gate leading back out of this place here.
Items here: " $ ))) // [[[ }}.
Okay, then.
Evoke which item? (* to show all) (? for menu, Esc to quit)
Okay, then.
V - a condenser vane (2/2);
B - a phantom mirror Evoke which item? (* to show all) (? for menu, Esc to quit)
Aiming: Phantom Mirror
Press: ? - help, Dir - move target cursor, f/p - minotaur
Aim: a minotaur, wielding the +12 long sword of the Lesser Evil {drain, rElec rC+ Dex-2}, wearing a cursed +0 chain mail and wearing an uncursed amulet of faith (lightly wounded)
You reflect the minotaur with the mirror!
The mirror clouds!
The minotaur hits you with the +12 long sword of the Lesser Evil {drain, rElec rC+ Dex-2}!!
* * * LOW HITPOINT WARNING * * *
You feel drained. You block the minotaur's attack.
Your minotaur hits the minotaur with the +12 long sword of the Lesser Evil {drain, rElec rC+ Dex-2}!!
Your minotaur closely misses the minotaur.
You fail to use your ability.
The minotaur hits you with the +12 long sword of the Lesser Evil {drain, rElec rC+ Dex-2}!!
You die...

#.............#
#.###.###.###.#
#.###.###.###.#
#(..J.........#
#######'#######
#.....# ###.###
#≈.HH≈# #≈≈@≈≈#
#≈≈≈≈≈# #######


You could see a minotaur and a friendly minotaur (summoned, drained).

Vanquished Creatures
  A two-headed ogre (D:8)
  An unseen horror (D:11)
  A manticore (D:11)
  A hippogriff (D:8)
  A wyvern (D:10)
  4 shadows (Gauntlet)
  3 vampire mosquitoes (D:13)
  A sky beast (D:7)
  An ice beast (D:8)
  An ogre (D:7)
  2 centaurs
  A crocodile (D:8)
  A wyvern zombie (D:7)
  8 bullfrogs
  A scorpion (D:13)
  9 wights
  An iguana (D:11)
  3 orc wizards
  An adder (D:9)
  A white imp (D:7)
  2 ufetubi
  5 orcs
  6 jackals
  A leopard gecko skeleton (D:7)
57 creatures vanquished.

Vanquished Creatures (others)
  An ugly thing (Gauntlet)
  A phantom (D:13)
  An eye of draining (D:13)
  2 jellies
  An adder (D:9)
6 creatures vanquished.

Grand Total: 63 creatures vanquished

Notes
Turn   | Place    | Note
-------+----------+-------------------------------------------
     0 | D:5      | EnegeticOcto the Deep Dwarf Delver began the quest for the
                  | Orb.
     0 | D:5      | Reached XP level 1. HP: 20/20 MP: 1/1
    43 | D:6      | Found an opulent altar of Gozag.
    81 | D:6      | Noticed a bullfrog
    91 | D:6      | Killed a bullfrog
    91 | D:6      | Reached skill level 4 in Axes
    91 | D:6      | Reached XP level 2. HP: 18/27 MP: 2/2
    91 | D:6      | Reached XP level 3. HP: 23/33 MP: 3/3
   110 | D:6      | Reached skill level 5 in Axes
   110 | D:6      | Reached XP level 4. HP: 28/40 MP: 4/4
   163 | D:7      | Noticed a sky beast
   164 | D:7      | Noticed a centaur
   164 | D:7      | Noticed an ogre
   188 | D:7      | Killed an ogre
   188 | D:7      | Reached skill level 6 in Axes
   188 | D:7      | Reached XP level 5. HP: 33/46 MP: 4/4
   206 | D:7      | Killed a centaur
   206 | D:7      | Reached skill level 7 in Axes
   206 | D:7      | Reached XP level 6. HP: 43/55 MP: 4/4
   214 | D:7      | Killed a sky beast
   250 | D:6      | Reached skill level 8 in Axes
   301 | D:7      | Found a faded altar of an unknown god.
   301 | D:7      | Found an iron altar of Okawaru.
   306 | D:7      | Found a faded altar of an unknown god.
   308 | D:7      | Found an ornate altar of the Wu Jian Council.
   309 | D:7      | Found a shimmering blue altar of Sif Muna.
   312 | D:7      | Became a worshipper of Jiyva Jitzered the Shapeless
   312 | D:7      | Reached * piety under Jiyva
   352 | D:7      | Found a hazy altar of Hepliaklqana.
   354 | D:7      | Found a shadowy altar of Dithmenos.
   356 | D:7      | Noticed a shadow
   426 | D:8      | Reached XP level 7. HP: 40/61 MP: 2/2
   462 | D:8      | Reached skill level 9 in Axes
   554 | D:8      | Found a stormy altar of Qazlal.
   557 | D:8      | Noticed a hippogriff
   588 | D:8      | Killed a hippogriff
   588 | D:8      | Reached skill level 1 in Armour
   588 | D:8      | Reached skill level 1 in Spellcasting
   588 | D:8      | Reached skill level 1 in Evocations
   698 | D:8      | Reached XP level 8. HP: 51/69 MP: 3/3
   823 | D:8      | Reached ** piety under Jiyva
   829 | D:8      | Noticed a two-headed ogre
   842 | D:8      | Killed a two-headed ogre
   842 | D:8      | Reached skill level 10 in Axes
   933 | D:9      | Got a pair of faintly humming boots
   938 | D:9      | Identified the +0 pair of boots of the Pure People
                  | {Rampage} (You found it on level 9 of the Dungeon)
   983 | D:10     | Entered Level 10 of the Dungeon
  1011 | D:10     | Gained mutation: You passively map the area around you.
                  | [Deep Dwarf growth]
  1011 | D:10     | Reached XP level 9. HP: 39/78 MP: 6/6
  1058 | D:10     | Found a transporter.
  1064 | D:10     | Identified the +7 whip of Osunul {distort, rN+ Str+4}
  1065 | D:10     | Found a transporter.
  1067 | D:10     | Noticed a large abomination
  1097 | D:11     | Noticed a manticore
  1112 | D:11     | Killed a manticore
  1128 | D:11     | Killed an unseen horror
  1128 | D:11     | Reached skill level 11 in Axes
  1128 | D:11     | Reached skill level 5 in Evocations
  1159 | D:12     | Reached skill level 5 in Fighting
  1173 | D:12     | Reached *** piety under Jiyva
  1176 | D:13     | Found a gate leading to a gauntlet.
  1217 | D:13     | Reached XP level 10. HP: 30/88 MP: 5/7
  1230 | Gauntlet | Entered a Gauntlet
  1230 | Gauntlet | Found a transporter.
  1230 | Gauntlet | Found a transporter.
  1230 | Gauntlet | Found a transporter.
  1230 | Gauntlet | Noticed a moth of wrath
  1243 | Gauntlet | Reached skill level 12 in Axes
  1243 | Gauntlet | Killed a green ugly thing
  1254 | Gauntlet | Found a transporter.
  1265 | Gauntlet | Noticed a great orb of eyes
  1275 | Gauntlet | Found a transporter.
  1284 | Gauntlet | Got a flickering graven amulet
  1290 | Gauntlet | Identified the amulet "Xyfe" {Inacc rElec rC- MR+++ Int+6
                  | Dex-4} (You found it in a Gauntlet)
  1297 | Gauntlet | Found a transporter.
  1297 | Gauntlet | Noticed a worldbinder
  1306 | Gauntlet | Identified the +12 long sword of the Lesser Evil {drain,
                  | rElec rC+ Dex-2}
  1306 | Gauntlet | Noticed a minotaur
  1354 | Gauntlet | Slain by a minotaur

Illustrated notes

Levels and vault maps discovered:
D:4:      layout_loops_corners, serial_shops, nicolae_shop_trees, uniq_menkaure,
          uniq_grinder
D:5:      layout_cave_pools, dancing_weapons_uskayaw,
          minmay_temple_entry_statues_fountains, minmay_misc_feat_alley,
          grunt_ministairs_8
D:6:      old_forge, layout_basic, serial_rivers,
          chequers_serial_rivers_micro_b, chequers_serial_rivers_micro_a,
          chequers_serial_rivers_large_a, chequers_serial_rivers_room_a,
          chequers_serial_rivers_room_b, grunt_gozag_breadcrumbs
D:7:      minmay_general_purpose_star, layout_cave_pools,
          riverfiend_overflow_shadow_ancestor, tso_oasis_becter,
          chequers_temple_overflow_minitemple, serial_bayou_pond_b
D:8:      layout_loops_ring, nicolae_overflow_crystal_walls
D:9:      layout_layer_cave, gammafunk_ghost_icy
D:10:     layout_long_grid, gammafunk_ghost_abyssal_escape
D:11:     layout_irregular_city, david_lair_shrubbed, orc_0_dummy
D:12:     layout_loops_cross
D:13:     layout_long_grid, david_vaults_5, gauntlet_entry_generic
Gauntlet: gammafunk_gauntlet_shortcut [nicolae_gauntlet_arena_flowing_pool,
          gammafunk_gauntlet_arena_split_x, nicolae_gauntlet_arena_grate_2,
          nicolae_gauntlet_arena_x, gammafunk_gauntlet_arena_spirals,
          gammafunk_gauntlet_arena_split_diamond, gauntlet_exit_watery]

Skill      XL: |  1  2  3  4  5  6  7  8  9 10 |
---------------+-------------------------------+-----
Axes           | 4 5 6 7 8 9 10 11 12 | 12.1
Fighting       | 3 4 5 |  5.0
Armour         | 1 3 4 |  4.0
Spellcasting   | 1 2 4 |  4.4
Evocations     | 1 4 6 |  6.8
Dodging        | |  2.1
Stealth        | |  6.0

Action                   |  1- 3 |  4- 6 |  7- 9 | 10-12 || total
-------------------------+-------+-------+-------+-------++-------
Melee: Hand axe          |    14 |    84 |   120 |       ||   218
       War axe           |       |       |    93 |     9 ||   102
Invok: Request Jelly     |       |       |     5 |     2 ||     7
 Abil: Heal Wounds       |       |    10 |    17 |    13 ||    40
Evoke: Wand              |       |       |     7 |     4 ||    11
       Phantom mirror    |       |       |       |     1 ||     1
  Use: Scroll            |     1 |     4 |     1 |       ||     6
Armor: Plate armour      |    10 |   111 |   158 |     5 ||   284
Dodge: Dodged            |     2 |    41 |    82 |     2 ||   127
Block: Kite shield       |       |       |       |     8 ||     8

Table legend: (Time is in decaauts)
 A = Elapsed time spent in this place.
 B = Non-inter-level travel time spent in this place.
 C = Inter-level travel time spent in this place.
 D = Time resting spent in this place.
 E = Time spent auto-exploring this place.
 F = Levels seen in this place.
 G = Mean time per level.
                   A        B        C        D        E       F      G
               +--------+--------+--------+--------+--------+-----+--------+
         Total |   1329 |   1300 |     29 |      0 |      0 |  11 |  120.8 |
       Dungeon |   1205 |   1176 |     29 |      0 |      0 |  10 |  120.5 |
      Gauntlet |    123 |    123 |      0 |      0 |      0 |   1 |  123.0 |
               +--------+--------+--------+--------+--------+-----+--------+

Top non-repeatable levels by time:
     D:8: 383 daAuts
     D:7: 279 daAuts
     D:6: 172 daAuts
Gauntlet: 123 daAuts
    D:10: 95 daAuts
     D:9: 94 daAuts
    D:13: 52 daAuts
    D:11: 51 daAuts
    D:12: 43 daAuts
     D:5: 30 daAuts
     D:4: 2 daAuts
